 Dungeon Crawl Stone Soup version 0.20.1-1-g8b1a95d (webtiles) character file.

780 Flubber the Stinger (level 7, -2/41 HPs)
             Began as an Octopode Venom Mage on Oct 20, 2017.
             Was a Follower of Dithmenos.
             Slain by a hellwing (8 damage)
             ... on level 7 of the Dungeon.
             The game lasted 00:35:26 (6325 turns).

Flubber the Stinger (Octopode Venom Mage)           Turns: 6325, Time: 00:35:27

Health: -2/41      AC:  1    Str: 11    XL:     7   Next: 85%
Magic:  1/12       EV: 15    Int: 19    God:    Dithmenos [*.....]
Gold:   317        SH:  0    Dex: 13    Spells: 3/12 levels left

rFire    . . .     SeeInvis .   d - +3 dagger (venom)
rCold    . . .     Gourm    .   (no shield)
rNeg     . . .     Faith    .   (helmet restricted)
rPois    .         Spirit   .   (no amulet)
rElec    .         Reflect  .   t - +4 ring of strength
rCorr    .         Harm     .   v - ring of wizardry
MR       .....                  (no ring)
Stlth    ++++......             (no ring)
Regen    0.2/turn               (no ring)
MPRegen  0.2/turn               (no ring)
                                (no ring)
                                (no ring)

@: wreathed by umbra
A: almost no armour, stealthy swim, amphibious, 8 rings, constrict 8, camouflage
1, gelatinous body 1
a: Renounce Religion


You were on level 7 of the Dungeon.
You worshipped Dithmenos.
Dithmenos was aware of your devotion.
You were hungry.

You visited 2 branches of the dungeon, and saw 8 of its levels.

You collected 317 gold pieces.

Inventory:

Hand Weapons
 d - a +3 dagger of venom (weapon)
 n - a +2 short sword of protection
 s - a +7 dagger of protection
Missiles
 c - 7 javelins
 i - 2 throwing nets (quivered)
Armour
 j - a +0 shield
Jewellery
 k - an uncursed amulet of harm
 t - a +4 ring of strength (left tentacle)
 v - a ring of wizardry (right tentacle)
Wands
 o - a wand of flame (25/48)
 x - a wand of disintegration (20/24)
Scrolls
 l - a scroll of fog
 m - 4 scrolls of identify
 q - 3 scrolls of remove curse
Potions
 f - a potion of cancellation
 p - 3 potions of brilliance
 r - a potion of flight
 u - a potion of curing
Books
 a - a Young Poisoner's Handbook

   Spells                             Type                      Level
   a - Sting                          Conjuration/Poison           1
   b - Poisonous Vapours              Poison/Air                   2
   c - Mephitic Cloud                 Conjuration/Poison/Air       3
   d - Olgreb's Toxic Radiance        Poison                       4
   e - Venom Bolt                     Conjuration/Poison           5
 e - a book of Minor Magic

   Spells                             Type                      Level
   a - Magic Dart                     Conjuration                  1
   b - Blink                          Translocation                2
   c - Call Imp                       Summoning                    2
   d - Slow                           Hexes                        2
   e - Conjure Flame                  Conjuration/Fire             3
   f - Mephitic Cloud                 Conjuration/Poison/Air       3
 y - a book of Misfortune

   Spells                             Type                      Level
   a - Confusing Touch                Hexes                        1
   b - Confuse                        Hexes                        3
   c - Gell's Gravitas                Translocation                3
   d - Petrify                        Transmutation/Earth          4
   e - Metabolic Englaciation         Hexes/Ice                    5
   f - Yara's Violent Unravelling     Hexes/Transmutation          5
Comestibles
 b - 6 bread rations
 g - 6 royal jellies
 h - 6 meat rations
 z - 4 fruits


   Skills:
 - Level 1.3 Short Blades
 - Level 4.0 Dodging
 - Level 5.0 Stealth
 - Level 0.2 Shields
 - Level 3.3 Spellcasting
 + Level 3.7 Conjurations
 + Level 0.4 Hexes
 + Level 0.8 Translocations
 + Level 2.4 Air Magic
 * Level 5.3 Poison Magic
 + Level 0.9 Evocations


You had 3 spell levels left.
You knew the following spells:

 Your Spells              Type           Power        Failure   Level  Hunger
a - Sting                 Conj/Pois      ###.         1%          1    None
b - Mephitic Cloud        Conj/Pois/Air  ###.....     3%          3    ###....
c - Blink                 Tloc           N/A          6%          2    ##.....
d - Confuse               Hex            #.......     16%         3    ###....


Dungeon Overview and Level Annotations

Branches:
Dungeon (7/15)             Temple (1/1) D:4

Altars:
Ashenzari
Cheibriados
Dithmenos
Elyvilon
Fedhas
Gozag
Hepliaklqana
Kikubaaqudgha
Makhleb
Okawaru
Qazlal
Ru
Sif Muna
Trog
Uskayaw
Vehumet
Xom
Yredelemnul
Zin
The Shining One

Annotations:
D:4 ANON1729's ghost, amateur OpFE
D:6 Duvessa


Innate Abilities, Weirdness & Mutations

You cannot wear most types of armour.
You are very stealthy in the water. (Stealth+)
You are amphibious.
You can wear up to eight rings at the same time.
You can use your tentacles to constrict eight enemies at once.
Your skin changes colour to match your surroundings (Stealth+).
Your rubbery body absorbs attacks. (AC +1, EV +1)


Message History

You closely miss the hellwing. Your squeeze misses the hellwing.
The hellwing hits you. The hellwing completely misses you.
You closely miss the hellwing.
You squeeze the hellwing, but do no damage.
The hellwing hits you but does no damage.
The hellwing closely misses you.
You hit the hellwing but do no damage. The hellwing misses you.
The hellwing hits you!
You completely miss the hellwing. Your squeeze misses the hellwing.
The hellwing hits you!
* * * LOW HITPOINT WARNING * * *
The hellwing closely misses you.
You feel much better. The hellwing hits you! The hellwing closely misses you.
As you read the scroll of fog, it crumbles to dust.
The scroll dissolves into smoke.
The hellwing hits you!
* * * LOW HITPOINT WARNING * * *
The hellwing hits you.
* * * LOW HITPOINT WARNING * * *
You barely miss the hellwing. The hellwing hits you!
You die...

.(..... .4PZ.8.
..8..P. 8....P.
######## P..P...
#§§§§..# ...8.
###§§§§§§#####..#####
#.'§§@4§§'.........?#
#.#§§§§§.##########.#
#.#..§§§.# #.########
#.....# #####.#
#...#.# #.#.#.#
#.#.#.#


You could see a hellwing.

Vanquished Creatures
  Eustachio (D:4)
  An ogre (D:5)
  A big kobold (D:5)
  Dowan (D:6)
  A howler monkey (D:5)
  2 crimson imps (D:6)
  3 iguanas
  A worker ant (D:5)
  A killer bee zombie (D:5)
  A hound skeleton (D:6)
  A howler monkey zombie (D:6)
  2 gnolls
  5 adders
  A shadow imp (D:5)
  3 oozes (D:1)
  An adder zombie (D:5)
  2 worms (D:2)
  4 dart slugs
  4 leopard geckos
  6 orcs (D:3)
  2 ball pythons
  11 bats
  7 giant cockroaches
  11 hobgoblins
  2 quokkas
  5 frilled lizards
  6 goblins
  27 kobolds
  A leopard gecko zombie (D:6)
  8 rats
122 creatures vanquished.

Notes
Turn   | Place    | Note
-------+----------+-------------------------------------------
     0 | D:1      | Flubber the Octopode Venom Mage began the quest for the Orb.
     0 | D:1      | Reached XP level 1. HP: 11/11 MP: 3/3
    39 | D:1      | Reached XP level 2. HP: 9/17 MP: 0/5
   790 | D:1      | Reached XP level 3. HP: 21/21 MP: 2/6
  1908 | D:2      | Reached XP level 4. HP: 16/27 MP: 1/7
  1967 | D:2      | Found an iron altar of Okawaru.
  1998 | D:2      | Learned a level 3 spell: Mephitic Cloud
  2001 | D:2      | Learned a level 2 spell: Blink
  2043 | D:2      | Found a blossoming altar of Fedhas.
  2052 | D:2      | Found a glowing silver altar of Zin.
  2052 | D:2      | Found a deep blue altar of Sif Muna.
  2101 | D:2      | Found a snail-covered altar of Cheibriados.
  2721 | D:3      | Reached XP level 5. HP: 31/31 MP: 7/9
  3407 | D:4      | Noticed Eustachio
  3420 | D:4      | Killed Eustachio
  3420 | D:4      | Reached skill level 1 in Short Blades
  3420 | D:4      | Reached skill level 1 in Air Magic
  3420 | D:4      | Reached XP level 6. HP: 14/36 MP: 1/11
  3608 | D:4      | Noticed ANON1729's ghost (amateur OpFE)
  3669 | D:4      | Found a staircase to the Ecumenical Temple.
  3728 | Temple   | Entered the Ecumenical Temple
  3783 | Temple   | Became a worshipper of Dithmenos the Shadowed
  3866 | D:5      | Entered Level 5 of the Dungeon
  4412 | D:5      | Reached XP level 7. HP: 20/41 MP: 4/12
  4511 | D:5      | Reached * piety under Dithmenos
  4687 | D:5      | Reached skill level 5 in Stealth
  5202 | D:5      | Found a sacrificial altar of Ru.
  5205 | D:5      | Found a basalt altar of Yredelemnul.
  5208 | D:5      | Found a white marble altar of Elyvilon.
  5446 | D:6      | You fall through a shaft!
  5554 | D:6      | Reached skill level 5 in Poison Magic
  5626 | D:6      | Learned a level 3 spell: Confuse
  5694 | D:6      | Noticed Duvessa
  5698 | D:6      | Noticed Dowan
  5730 | D:6      | Killed Dowan
  6300 | D:7      | Noticed a hellwing
  6325 | D:7      | Slain by a hellwing

Skill      XL: |  1  2  3  4  5  6  7 |
---------------+----------------------+-----
Stealth        | 3 4 5 |  5.0
Conjurations   | 2 3 |  3.7
Short Blades   | 1 |  1.3
Dodging        | 3 4 |  4.0
Spellcasting   | 3 |  3.3
Air Magic      | 1 2 |  2.4
Poison Magic   | 4 5 |  5.3
Shields        | |  0.2
Hexes          | |  0.4
Translocations | |  0.8
Evocations     | |  0.9

Action                   |  1- 3 |  4- 6 |  7- 9 || total
-------------------------+-------+-------+-------++-------
Melee: Unarmed           |    10 |       |       ||    10
       Tentacles         |     7 |     5 |     5 ||    17
       Dagger            |    26 |    52 |    34 ||   112
       Constrict         |     5 |    11 |    10 ||    26
 Cast: Sting             |    57 |   129 |    77 ||   263
       Mephitic Cloud    |       |     1 |     3 ||     4
       Confuse           |       |       |     2 ||     2
  Use: Scroll            |     2 |     9 |     5 ||    16
       Potion            |     2 |     1 |     2 ||     5
 Stab: Sleeping          |       |       |     1 ||     1
  Eat: Chunk             |     4 |     8 |     3 ||    15
       Royal jelly       |       |       |     1 ||     1
Armor: Skin              |     1 |     5 |     1 ||     7
Dodge: Dodged            |    20 |    36 |    26 ||    82
Block: Shield            |     5 |     3 |       ||     8
